 Dungeon Crawl Stone Soup version 0.28-a0-919-g0b5b508569 (webtiles) character file.

Game seed: 2576230910768200507

13881 timneilson the Protected (level 12, -1/73 HPs)
             Began as a Gargoyle Fighter on Nov 25, 2021.
             Was a High Priest of Okawaru.
             Slain by an entropy weaver simulacrum (8 damage)
             ... in an ice cave.
             The game lasted 00:31:44 (10584 turns).

timneilson the Protected (Gargoyle Fighter)        Turns: 10584, Time: 00:31:45

Health: -1/73      AC: 34    Str: 38    XL:     12   Next: 10%
Magic:  16/16      EV: 12    Int: 13    God:    Okawaru [*****.]
Gold:   390        SH: 12    Dex:  9    Spells: 11/11 levels left

rFire   . . .      SeeInvis .   v - +5 long sword (freeze)
rCold   . . .      Faith    .   I - +0 kite shield
rNeg    + + .      Spirit   .   m - +0 plate armour
rPois   ∞          Reflect  .   l - +2 helmet of Patience {Regen+}
rElec   +          Harm     .   y - +1 cloak {rPois}
rCorr   +          Rampage  .   z - +1 pair of gloves
Will    +++..      Clarity  +   (no boots)
Stlth   ..........              u - amulet of the Four Winds {rN+ Will+++ Clar}
HPRegen 1.02/turn               t - ring "Kaoxoi Cilax" {rCorr Str+7 Int+4}
MPRegen 0.15/turn               D - +6 ring of strength

@: heroic, studying Dodging
A: sickness immunity, AC +8, negative energy resistance 1, electricity
resistance, torment resistance 1, petrification resistance
a: Renounce Religion, Heroism, Finesse, Duel


You were in an ice cave.
You worshipped Okawaru.
Okawaru was extremely pleased with you.
You visited 2 branches of the dungeon, and saw 12 of its levels.
You also visited: Gauntlet and Ice Cave.

You collected 1699 gold pieces.
You spent 1309 gold pieces at shops.

Inventory:

Hand Weapons
 a - a +1 long sword
 v - a +5 long sword of freezing (weapon)
Armour
 c - a +0 buckler
 l - the +2 helmet of Patience (worn) {Regen+}
   (You found it on level 6 of the Dungeon)

   Regen:     It increases your rate of health regeneration.
 m - a +0 plate armour (worn)
 y - a +1 cloak of poison resistance (worn)
 z - a +1 pair of gloves (worn)
 I - a +0 kite shield (worn)
Jewellery
 f - a ring of willpower
 o - a +4 ring of protection
 t - the ring "Kaoxoi Cilax" (left hand) {rCorr Str+7 Int+4}
   (You bought it in a shop on level 6 of the Dungeon)

   [ring of resist corrosion]

   Str:       It affects your strength (+7).
   Int:       It affects your intelligence (+4).
   rCorr:     It protects you from acid and corrosion.
 u - the amulet of the Four Winds (around neck) {rN+ Will+++ Clar}
   (You bought it in a shop on level 6 of the Dungeon)

   [amulet of nothing]

   rN:        It protects you from negative energy.
   Clar:      It protects you against confusion.
   Will:      It greatly increases your willpower.
 D - a +6 ring of strength (right hand)
 F - a +4 ring of evasion
 H - a ring of resist corrosion
Wands
 b - a wand of polymorph (9)
 e - a wand of acid (7)
 i - a wand of flame (20)
Scrolls
 d - 4 scrolls of magic mapping
 h - 6 scrolls of identify
 k - 2 scrolls of fog
 p - 3 scrolls of fear
 q - 2 scrolls of enchant weapon
 x - a scroll of teleportation
 B - a scroll of amnesia
 G - a scroll of enchant armour
Potions
 j - 2 potions of curing
 n - 5 potions of mutation
 r - 2 potions of magic
 s - a potion of cancellation
 w - a potion of might
 A - a potion of attraction
 C - a potion of resistance
Miscellaneous
 g - a condenser vane


   Skills:
 + Level 7.7(12.7) Fighting
 * Level 8.2(13.2) Long Blades
 * Level 10.2(15.2) Armour
 + Level 6.1(11.1) Dodging
 * Level 10.2(15.2) Shields
 + Level 5.6 Invocations
 + Level 5.3 Evocations


You had 11 spell levels left.
You didn't know any spells.
Your spell library contained the following spells:

 Spells                   Type           Power      Damage    Failure   Level
 Magic Dart               Conj           0%         1d3       75%         1
 Pain                     Necr           0%         1d4       75%         1
 Corpse Rot               Necr/Air       0%         N/A       87%         2
 Conjure Flame            Conj/Fire      0%         6-21      98%         3
 Ignite Poison            Fire/Tmut/Pois 0%         N/A       98%         3
 Mephitic Cloud           Conj/Pois/Air  0%         N/A       98%         3
 Portal Projectile        Hex/Tloc       0%         N/A       98%         3
 Vampiric Draining        Necr           0%         2d6       98%         3
 Dispel Undead            Necr           0%         3d6       100%        4
 Leda's Liquefaction      Hex/Erth       0%         N/A       100%        4
 Sticky Flame             Conj/Fire      0%         2d3       100%        4
 Blade Hands              Tmut           0%         N/A       100%        5
 Borgnjor's Vile Clutch   Necr/Erth      0%         N/A       100%        5
 Excruciating Wounds      Necr           0%         N/A       100%        5
 Animate Skeleton         Necr           Unusable   N/A       N/A         1
 Call Imp                 Summ           Unusable   N/A       N/A         2
 Call Canine Familiar     Summ           Unusable   N/A       N/A         3
 Animate Dead             Necr           Unusable   N/A       N/A         4
 Death Channel            Necr           Unusable   N/A       N/A         6

Dungeon Overview and Level Annotations

Branches:
Dungeon (11/15)            Temple (1/1) D:6            Lair (0/6) D:8
    Orc (0/2) D:9           IceCv (1/1)             Gauntlet (visited)

Altars:
Ashenzari
Cheibriados
Dithmenos
Elyvilon
Fedhas
Gozag
Hepliaklqana
Kikubaaqudgha
Makhleb
Nemelex Xobeh
Okawaru
Qazlal
Ru
Sif Muna
Trog
Uskayaw
Vehumet
Wu Jian
Xom
Yredelemnul
Zin
The Shining One

Shops:
D:2 :(!   D:5 [   D:6 =   D:10 *(

Annotations:
D:7 2 transporters, siradein's ghost, novice HOFi


Innate Abilities, Weirdness & Mutations

You are immune to sickness and miasma.
Your stone body is resilient. (AC +8)
You are immune to poison.
You resist negative energy. (rN+)
You are resistant to electric shocks. (rElec)
You are resistant to unholy torment.
You are immune to petrification.


Message History

The ugly thing simulacrum is almost destroyed.
You slash the ugly thing simulacrum!
The ugly thing simulacrum vaporises!
Okawaru accepts your kill.
You hit the entropy weaver simulacrum but do no damage.
The entropy weaver simulacrum is lightly damaged.
You closely miss the entropy weaver simulacrum.
The entropy weaver simulacrum is lightly damaged.
The entropy weaver simulacrum closely misses you.
The entropy weaver simulacrum barely misses you.
The entropy weaver simulacrum misses you.
The entropy weaver simulacrum closely misses you.
You slice the entropy weaver simulacrum!!
The entropy weaver simulacrum is severely damaged.
The entropy weaver simulacrum hits you but does no damage.
You block the entropy weaver simulacrum's attack.
The entropy weaver simulacrum hits you but does no damage. x2
You closely miss the entropy weaver simulacrum.
The entropy weaver simulacrum is severely damaged.
You closely miss the entropy weaver simulacrum.
The entropy weaver simulacrum is severely damaged.
The entropy weaver simulacrum barely misses you.
You block the entropy weaver simulacrum's attack.
The entropy weaver simulacrum hits you but does no damage. x2
You completely miss the entropy weaver simulacrum.
The entropy weaver simulacrum is severely damaged.
The entropy weaver simulacrum hits you.
The entropy weaver simulacrum freezes you!!
You block the entropy weaver simulacrum's attack.
The entropy weaver simulacrum hits you but does no damage.
You block the entropy weaver simulacrum's attack.
You closely miss the entropy weaver simulacrum.
The entropy weaver simulacrum is severely damaged.
You block the entropy weaver simulacrum's attack. x2
The entropy weaver simulacrum hits you.
The entropy weaver simulacrum freezes you!!
* * * LOW HITPOINT WARNING * * *
The entropy weaver simulacrum hits you but does no damage.
You feel better. The entropy weaver simulacrum hits you!
You die...

#######
###.....##
#.Z@.....#
.......#.....#
##....##.....#
#....##.....##
...###.....##
####....#### ###
###.....###
...#####.....###
#.........####


You could see an entropy weaver simulacrum.

Vanquished Creatures
  Gastronok (D:10)
  A minotaur (Gauntlet)
  2 two-headed ogres
  A death drake (Gauntlet)
  A spectral centaur (Gauntlet)
  An ice devil (Gauntlet)
  A redback zombie (Gauntlet)
  An entropy weaver simulacrum (IceCv)
  A harpy zombie (Gauntlet)
  A troll (D:9)
  A queen bee (Gauntlet)
  A meliai zombie (D:10)
  A wraith (D:11)
  19 yaks
  A vampire (D:10)
  A steam dragon (D:7)
  4 wargs
  A demonic crawler simulacrum (IceCv)
  Duvessa (D:5)
  8 orc warriors
  2 sky beasts
  An ice beast (D:7)
  A black bear (D:6)
  2 necrophages
  An ugly thing simulacrum (IceCv)
  3 centaurs
  2 phantoms
  2 kobold brigands
  A gnoll sergeant (D:4)
  3 bullfrogs
  3 scorpions
  A two-headed ogre simulacrum (D:11)
  A glowing shapeshifter simulacrum (IceCv)
  A wyvern skeleton (D:5)
  Dowan (D:5)
  6 killer bees
  3 howler monkeys (D:7)
  8 crimson imps (D:9)
  A centaur zombie (D:8)
  A bullfrog zombie (D:7)
  2 bullfrog skeletons
  2 jellies
  4 hounds
  13 orc priests
  A centaur skeleton (D:6)
  An iguana (D:4)
  13 orc wizards
  2 spriggan simulacra (D:11)
  A troll simulacrum (D:11)
  A hound skeleton (D:4)
  A howler monkey skeleton (D:4)
  7 gnolls
  7 adders
  A naga simulacrum (D:11)
  2 shadow imps
  4 white imps
  2 adder skeletons (D:4)
  A worm (D:2)
  6 dart slugs
  40 orcs
  8 ball pythons
  3 bats
  7 endoplasms
  5 giant cockroaches
  8 goblins
  9 hobgoblins
  3 jackals (D:2)
  3 quokkas
  7 frilled lizards
  18 kobolds
  2 rats
277 creatures vanquished.

Vanquished Creatures (others)
  2 toadstools (D:8)
2 creatures vanquished.

Grand Total: 279 creatures vanquished

Notes
Turn   | Place    | Note
-------+----------+-------------------------------------------
     0 | D:1      | timneilson the Gargoyle Fighter began the quest for the
                  | Orb.
     0 | D:1      | Reached XP level 1. HP: 14/14 MP: 1/1
   176 | D:1      | Reached XP level 2. HP: 19/19 MP: 2/2
   704 | D:1      | Reached XP level 3. HP: 19/23 MP: 3/3
  1294 | D:2      | Found Zafoetops's Book Shoppe.
  1352 | D:2      | Found a faded altar of an unknown god.
  1352 | D:2      | Found Neroc's Antique Weapon Shop.
  1392 | D:2      | Reached XP level 4. HP: 15/28 MP: 4/4
  1714 | D:2      | Found Nouc's Distillery.
  2050 | D:2      | Reached skill level 1 in Dodging
  2239 | D:3      | Reached XP level 5. HP: 33/33 MP: 5/5
  2750 | D:4      | Noticed a phantom
  2759 | D:4      | Killed a phantom
  2907 | D:4      | Noticed a sky beast
  2907 | D:4      | Noticed a necrophage
  2940 | D:4      | Killed a necrophage
  2941 | D:4      | Reached skill level 1 in Evocations
  2941 | D:4      | Reached XP level 6. HP: 34/38 MP: 6/6
  2945 | D:4      | Killed a sky beast
  3212 | D:4      | Reached skill level 5 in Armour
  3223 | D:4      | Reached XP level 7. HP: 19/43 MP: 7/7
  3609 | D:4      | Reached skill level 5 in Shields
  4217 | D:5      | Entered Level 5 of the Dungeon
  4347 | D:5      | Found Fafos's Antique Armour Boutique.
  4616 | D:5      | Reached XP level 8. HP: 30/48 MP: 8/8
  4983 | D:5      | Noticed Duvessa
  4983 | D:5      | Noticed Dowan
  4995 | D:5      | Killed Duvessa
  5001 | D:5      | Killed Dowan
  5255 | D:6      | Noticed a two-headed ogre
  5303 | D:6      | Found a staircase to the Ecumenical Temple.
  5313 | Temple   | Entered the Ecumenical Temple
  5572 | Temple   | Became a worshipper of Warmaster Okawaru
  5975 | D:6      | Killed a two-headed ogre
  5975 | D:6      | Reached * piety under Okawaru
  5976 | D:6      | Reached skill level 5 in Fighting
  5976 | D:6      | Reached skill level 5 in Long Blades
  5976 | D:6      | Reached skill level 1 in Invocations
  5976 | D:6      | Reached XP level 9. HP: 26/54 MP: 8/10
  5997 | D:6      | Identified the +2 helmet of Patience {Regen+}
  6284 | D:6      | Found Duqirchukh's Jewellery Shop.
  6316 | D:6      | Reached ** piety under Okawaru
  6492 | D:6      | Identified a scroll of acquirement
  6492 | D:6      | Acquired 911 gold pieces
  6525 | D:6      | Bought the ring "Kaoxoi Cilax" {rCorr Str+7 Int+4} for 601
                  | gold pieces
  6525 | D:6      | Bought the amulet of the Four Winds {rN+ Will+++ Clar} for
                  | 526 gold pieces
  6525 | D:6      | Found the amulet of the Four Winds {rN+ Will+++ Clar}
  6658 | D:7      | Noticed siradein's ghost (novice HOFi)
  6664 | D:7      | Noticed a brown ugly thing
  6669 | D:7      | Found a transporter.
  6679 | D:7      | Found a transporter.
  6877 | D:7      | Reached *** piety under Okawaru
  6878 | D:7      | Reached XP level 10. HP: 52/60 MP: 10/12
  7260 | D:7      | Acquired a manual of Dodging
  7367 | D:8      | Reached **** piety under Okawaru
  7447 | D:8      | Found a staircase to the Lair.
  8201 | D:9      | Found a staircase to the Orcish Mines.
  8358 | D:9      | Reached XP level 11. HP: 53/66 MP: 14/14
  8780 | D:9      | Reached ***** piety under Okawaru
  8978 | D:10     | Entered Level 10 of the Dungeon
  9072 | D:10     | Identified the +0 ring mail of Lust {rN++ rCorr Str+4
                  | Int-5}
  9099 | D:10     | Identified the +1 leather armour of the Serpent {rPois
                  | Dex+4}
  9124 | D:10     | Found Feicob's Antique Weapon Shop.
  9146 | D:10     | Bought a glowing long sword for 182 gold pieces
  9163 | D:10     | Found a shimmering blue altar of Sif Muna.
  9263 | D:10     | Reached skill level 5 in Dodging
  9334 | D:10     | Found Pachicuy's Island Escapes.
  9350 | D:10     | Noticed Gastronok
  9368 | D:10     | Killed Gastronok
  9369 | D:10     | Reached skill level 5 in Invocations
  9535 | D:10     | Received a gift from Okawaru
  9837 | D:11     | Found a frozen archway.
  9917 | D:11     | Noticed a two-headed ogre
  9924 | D:11     | Killed a two-headed ogre
  9925 | D:11     | Reached skill level 5 in Evocations
  9932 | D:11     | Found a gate leading to a gauntlet.
  9945 | Gauntlet | Entered a Gauntlet
  9945 | Gauntlet | Found a transporter.
  9955 | Gauntlet | Found a transporter.
  9966 | Gauntlet | Found a transporter.
  9969 | Gauntlet | Found a transporter.
  9973 | Gauntlet | Found a runed translucent door.
  9973 | Gauntlet | Found a runed translucent door.
  9974 | Gauntlet | Noticed a death drake
  9978 | Gauntlet | Found a transporter.
  9994 | Gauntlet | Found a transporter.
 10001 | Gauntlet | Noticed a dire elephant
 10001 | Gauntlet | Noticed a harpy
 10001 | Gauntlet | a golden eye changed into a harpy
 10005 | Gauntlet | Found a transporter.
 10008 | Gauntlet | Noticed a minotaur
 10016 | Gauntlet | Found a transporter.
 10035 | Gauntlet | Found a transporter.
 10046 | Gauntlet | Found a transporter.
 10046 | Gauntlet | Found a transporter.
 10086 | Gauntlet | Found a transporter.
 10093 | Gauntlet | Noticed a two-headed ogre
 10099 | Gauntlet | Noticed an azure jelly
 10101 | Gauntlet | Found a transporter.
 10101 | Gauntlet | Noticed a stone giant
 10101 | Gauntlet | an azure jelly changed into a stone giant
 10108 | Gauntlet | Noticed a frost giant
 10108 | Gauntlet | a stone giant changed into a frost giant
 10110 | Gauntlet | Noticed a dire elephant
 10110 | Gauntlet | a frost giant changed into a dire elephant
 10112 | Gauntlet | Found a transporter.
 10113 | Gauntlet | Noticed a catoblepas
 10113 | Gauntlet | a dire elephant changed into a catoblepas
 10115 | Gauntlet | Noticed a boulder beetle
 10115 | Gauntlet | a two-headed ogre changed into a boulder beetle
 10116 | Gauntlet | Noticed a storm dragon
 10116 | Gauntlet | a catoblepas changed into a storm dragon
 10119 | Gauntlet | Noticed an emperor scorpion
 10119 | Gauntlet | a storm dragon changed into an emperor scorpion
 10120 | Gauntlet | Noticed a storm dragon
 10120 | Gauntlet | an emperor scorpion changed into a storm dragon
 10129 | Gauntlet | Noticed an emperor scorpion
 10129 | Gauntlet | a storm dragon changed into an emperor scorpion
 10254 | Gauntlet | Noticed an ettin
 10255 | Gauntlet | Noticed a great orb of eyes
 10255 | Gauntlet | an ettin changed into a great orb of eyes
 10257 | Gauntlet | Noticed an ice dragon
 10257 | Gauntlet | a great orb of eyes changed into an ice dragon
 10259 | Gauntlet | Noticed a boulder beetle
 10263 | Gauntlet | Noticed a bunyip
 10263 | Gauntlet | an ice dragon changed into a bunyip
 10269 | Gauntlet | Noticed a great orb of eyes
 10269 | Gauntlet | a bunyip changed into a great orb of eyes
 10279 | Gauntlet | Killed a death drake
 10279 | Gauntlet | a great orb of eyes changed into something unseen
 10280 | Gauntlet | Reached skill level 10 in Armour
 10281 | Gauntlet | Noticed a minotaur
 10291 | Gauntlet | Reached skill level 10 in Shields
 10292 | Gauntlet | Noticed an entropy weaver
 10292 | Gauntlet | a minotaur changed into an entropy weaver
 10294 | Gauntlet | Noticed a bunyip
 10294 | Gauntlet | a boulder beetle changed into a bunyip
 10296 | Gauntlet | Noticed a catoblepas
 10296 | Gauntlet | an entropy weaver changed into a catoblepas
 10297 | Gauntlet | Noticed a storm dragon
 10297 | Gauntlet | a catoblepas changed into a storm dragon
 10305 | Gauntlet | Noticed a storm dragon
 10324 | Gauntlet | Killed a minotaur
 10325 | Gauntlet | Reached XP level 12. HP: 33/72 MP: 5/16
 10334 | Gauntlet | Identified the +3 barding of Trumpets {rCorr Stlth+}
 10530 | IceCv    | Entered an ice cave
 10583 | IceCv    | HP: 1/73 [entropy weaver simulacrum (33)]
 10584 | IceCv    | Slain by an entropy weaver simulacrum

Illustrated notes

Levels and vault maps discovered:
D:1:      lightli_arrival_windingriver, layout_rooms
D:2:      kennysheep_six_static_rooms, layout_rooms, serial_shops, shop,
          nicolae_lakefront_shop, nicolae_shop_trees,
          hellmonk_ecumenical_altar_run_dry
D:3:      layout_loops_ring, chequers_serial_rivers_small_b, minivault_26,
          kennysheep_crisscross
D:4:      layout_cave_pods, corexii_leaking_fountain, minmay_fractal_squares_5
D:5:      layout_cave_pools, serial_shops, shop, minmay_misc_feat_five,
          uniq_duvessa
D:6:      layout_basic, minmay_temple_entry_mist, nicolae_stop_n_shop_1
D:7:      layout_loops_cross, nzn_ghost_randoct, kennysheep_nub,
          nrook_mini_vaults
D:8:      layout_rooms, erik_lair_orcish_takeover, minmay_gold_behind_fungi,
          kennysheep_generic_room_3
D:9:      layout_long_grid, erik_orc_4, minmay_nine_imps
D:10:     layout_loops_ring, lemuel_tele_altar, serial_shops, shop,
          nicolae_island_escapes, uniq_gastronok
D:11:     layout_roguey, portal_ice_cave_entry_ice_simulacra,
          gauntlet_entry_generic, minmay_misc_feat_rugged, minmay_evil_grid
Temple:   mainiacjoe_temple_starburst
IceCv:    ice_cave_hellmonk_azure_passage

Skill      XL: |  1  2  3  4  5  6  7  8  9 10 11 |
---------------+----------------------------------+-----
Long Blades    | 2 3 4 5 6 7 8 |  8.2
Armour         | 4 5 6 7 9 10 | 10.2
Shields        | 4 5 6 7 8 10 | 10.2
Dodging        | 1 2 3 4 6 |  6.1
Evocations     | 1 2 3 4 5 |  5.3
Fighting       | 4 5 6 7 |  7.7
Invocations    | 1 3 4 5 |  5.6

Action                   |  1- 3 |  4- 6 |  7- 9 | 10-12 || total
-------------------------+-------+-------+-------+-------++-------
Melee: Long sword        |   109 |   198 |   296 |   665 ||  1268
Invok: Heroism           |       |       |     3 |    18 ||    21
       Finesse           |       |       |       |     2 ||     2
  Use: Scroll            |     1 |     7 |    11 |     8 ||    27
       Potion            |       |       |     2 |     2 ||     4
Armor: Scale mail        |    76 |   103 |   144 |       ||   323
       Chain mail        |       |       |    27 |   301 ||   328
       Plate armour      |       |       |       |   108 ||   108
Dodge: Dodged            |    72 |   105 |   138 |   303 ||   618
Block: Buckler           |    28 |    40 |    79 |   193 ||   340
       Kite shield       |       |       |       |    19 ||    19

Table legend: (Time is in decaauts)
 A = Elapsed time spent in this place.
 B = Non-inter-level travel time spent in this place.
 C = Inter-level travel time spent in this place.
 D = Time resting spent in this place.
 E = Time spent auto-exploring this place.
 F = Levels seen in this place.
 G = Mean time per level.
                   A        B        C        D        E       F      G
               +--------+--------+--------+--------+--------+-----+--------+
         Total |  10674 |  10327 |    347 |    419 |   6764 |  14 |  762.4 |
       Dungeon |   9517 |   9217 |    300 |    419 |   5922 |  11 |  865.2 |
        Temple |    628 |    581 |     47 |      0 |    556 |   1 |  628.0 |
      Ice Cave |     47 |     47 |      0 |      0 |      0 |   1 |   47.0 |
      Gauntlet |    480 |    480 |      0 |      0 |    286 |   1 |  480.0 |
               +--------+--------+--------+--------+--------+-----+--------+

Top non-repeatable levels by time:
     D:4: 1539 daAuts
     D:1: 1265 daAuts
     D:5: 986 daAuts
     D:2: 940 daAuts
     D:9: 934 daAuts
    D:10: 852 daAuts
     D:8: 745 daAuts
     D:7: 744 daAuts
     D:6: 716 daAuts
  Temple: 628 daAuts
     D:3: 612 daAuts
Gauntlet: 480 daAuts
    D:11: 181 daAuts
   IceCv: 47 daAuts
